 Dungeon Sprint DCSS version 0.27-a0-1193-g8631133539 (webtiles) character file.

Game seed: 1258125249433183325

24931 rocky1 the Severer (level 13, -8/145 HPs)
             Began as a Hill Orc Fighter on May 26, 2021.
             Was the Champion of Yredelemnul.
             Shot with a bolt by a yaktaur captain (38 damage)
             ... in the Dungeon (Sprint VII: "The Pits").
             The game lasted 00:23:22 (3659 turns).

rocky1 the Severer (Hill Orc Fighter)               Turns: 3659, Time: 00:23:23

Health: -8/145     AC: 17    Str: 27    XL:     13   Next: 16%
Magic:  15/25      EV: 13    Int:  8    God:    Yredelemnul [******]
Gold:   32         SH: 16    Dex: 10    Spells: 12/12 levels left

rFire    + . .     SeeInvis .   r - +1 broad axe (freeze)
rCold    . . .     Faith    .   y - +2 kite shield
rNeg     . . .     Spirit   .   x - +1 chain mail {rPois}
rPois    +         Reflect  .   q - +0 helmet
rElec    .         Harm     .   p - +0 cloak
rCorr    .         Rampage  .   (no gloves)
Will     .....     NoTele   +   (no boots)
Stlth    ..........             A - amulet of Vitality {Regen+ HP+15}
HPRegen  1.34/turn              b - +3 ring of strength
MPRegen  0.19/turn              v - ring of protection from fire

@: wreathed by umbra
A: no striking features
a: Renounce Religion, Recall Undead Slaves, Injury Mirror, Animate Dead, Drain
Life, Enslave Soul


You were in the Dungeon.
You worshipped Yredelemnul.
Yredelemnul was exalted by your worship.
You visited 1 branch You collected 32 gold pieces.

Inventory:

Hand Weapons
 r - a +1 broad axe of freezing (weapon)
Armour
 c - a +0 kite shield
 o - a +3 chain mail
 p - a +0 cloak (worn)
 q - a +0 helmet (worn)
 x - a +1 chain mail of poison resistance (worn)
 y - a +2 kite shield (worn)
Jewellery
 b - a +3 ring of strength (left hand)
 n - a +3 ring of strength
 v - a ring of protection from fire (right hand)
 w - a ring of see invisible
 z - an amulet of reflection
 A - the amulet of Vitality (around neck) {Regen+ HP+15}
   (You took it off a yaktaur in the Dungeon)

   [amulet of regeneration]

   It affects your health (+15).
   It increases your rate of health regeneration.
 B - a ring of positive energy
Scrolls
 e - 2 scrolls of enchant weapon
 j - 2 scrolls of blinking
 l - 5 scrolls of amnesia
 m - a scroll of summoning
 s - a scroll of fear
 t - 2 scrolls of identify
 u - 3 scrolls of fog
Potions
 a - 11 potions of curing
 d - 7 potions of might
 f - 10 potions of heal wounds
 g - a potion of haste
 h - 4 potions of magic
 i - 4 potions of berserk rage
 k - 2 potions of invisibility
 C - a potion of brilliance


   Skills:
 + Level 16.3 Fighting
 + Level 17.5 Axes
 + Level 15.2 Armour
 + Level 11.9 Dodging
 + Level 15.2 Shields
 + Level 17.3 Invocations


You had 12 spell levels left.
You didn't know any spells.
Your spell library contained the following spells:

 Spells                   Type           Power      Damage    Failure   Level
 Beastly Appendage        Tmut           0%         N/A       83%         1
 Poisonous Vapours        Pois/Air       0%         N/A       93%         2
 Wereblood                Tmut           0%         N/A       93%         2
 Ignite Poison            Fire/Tmut/Pois 0%         N/A       99%         3
 Inner Flame              Hex/Fire       0%         N/A       99%         3
 Mephitic Cloud           Conj/Pois/Air  0%         N/A       99%         3
 Spider Form              Tmut/Pois      0%         N/A       99%         3
 Olgreb's Toxic Radiance  Pois           0%         N/A       100%        4
 Manifold Assault         Tloc           0%         N/A       100%        5
 Dispersal                Tloc           0%         N/A       100%        6


Dungeon Overview and Level Annotations

Branches:
Dungeon (1/1)

Altars:
Ashenzari
Cheibriados
Dithmenos
Elyvilon
Fedhas
Gozag
Hepliaklqana
Kikubaaqudgha
Makhleb
Nemelex Xobeh
Okawaru
Qazlal
Ru
Sif Muna
Trog
Uskayaw
Vehumet
Wu Jian
Xom
Yredelemnul
Zin
The Shining One
Beogh
Jiyva
Lugonu


Message History

Yredelemnul accepts your kill.
You swap places.
You swap places.
You see here a +0 giant club.
A deep elf knight and a yaktaur captain come into view.
The deep elf knight is wielding a +0 short sword of protection.
The deep elf knight shouts!
The yaktaur captain shouts!
You hear a shout!
Your vampire knight blinks!
The yaktaur captain wields a +0 arbalest.
The yaktaur captain shoots a bolt.
The bolt completely misses your vampire knight.
The bolt hits you!!
* * * LOW HITPOINT WARNING * * *
An ogre mage comes into view. It is wielding a +0 spear.
Your profane servitor hits something with a +3 demon whip of venom!
Your profane servitor draws strength from something's injuries!
Your profane servitor hits something with a +3 demon whip of venom.
The deep elf knight moves out of view.
Things that are here:
a +0 arbalest; 23 bolts You swap places.
Your profane servitor hits something with a +3 demon whip of venom!
Your profane servitor draws strength from something's injuries!
Your profane servitor completely misses something.
The ogre mage gestures at itself while chanting.
The ogre mage flickers and vanishes!
Deactivating autopickup; reactivate with Ctrl-A.
You see here a +0 giant club.
What are your orders? t - Shout!
Orders for allies: a - Attack new target. r - Retreat! s - Stop attacking. g - Guard the area. f - Follow me.
Anything else - Cancel.
Gang up on whom?
Press: ? - help, Dir - move target, f - yaktaur captain
Aim: a yaktaur captain, wielding a +0 arbalest and quivering bolts (umbra) Attack!
The yaktaur captain shoots a bolt.
The bolt hits you!!!
You die...
Your body rises from the dead as a mindless zombie.

####z'###########################
..##.W....V...ZWW..zWZ.........W.
#.##....[..z..z.VZ.VV............
'.##..##############WZ###########
#.##..# +. #..ZzZ...# + ##..# #..
#...)WV..# # #..#
##..e#######WW#### # #..#
.A......#zWWnz)..#.. #..#
..V...))@WzzVV....... #[.#
.c....A)#nDzV....#... ####.n#
+###+##.####..#### ##


n..WVW# #.# #### zVzzW.# #.+ ####### ### ################## #.......#........#
#.......#WVz....z# You could see a yaktaur captain (ally target), a deep elf
knight (extremely poisoned), a friendly bone dragon, 2 friendly profane
servitors, 2 friendly ghouls, a friendly vampire knight (invisible), 5 friendly
skeletal warriors, 4 friendly flayed ghosts, a friendly phantasmal warrior, 4
friendly vampires and a friendly wraith.

Vanquished Creatures
  A vampire knight (D)
  A great orb of eyes (D)
  A vault guard (D)
  A death yak (D)
  A deep troll (D)
  2 orc knights (D)
  A merfolk siren (D)
  A black mamba (D)
  A yaktaur (D)
  A wraith (D)
  A water elemental (D)
  A fire elemental (D)
  A vampire mosquito (D)
  A floating eye (D)
  3 black bears (D)
  2 orc warriors (D)
  A gnoll sergeant (D)
  2 wights (D)
  A crimson imp (D)
  A small abomination (D)
  2 orc priests (D)
  An iguana (D)
  An iron imp (D)
  An orc wizard (D)
  3 gnolls (D)
  A river rat (D)
  An orc (D)
  2 endoplasms (D)
  2 hobgoblins (D)
  2 jackals (D)
  A kobold (D)
  3 quokkas (D)
  A ball python (D)
  2 bats (D)
  A frilled lizard (D)
  2 rats (D)
51 creatures vanquished.

Vanquished Creatures (collateral kills)
  Arachne (D)
  A deep elf master archer (D)
  Donald (D)
  A nagaraja (D)
  Snorg (D)
  An eidolon (D)
  A mummy priest (D)
  Josephine (D)
  A yaktaur captain (D)
  2 naga warriors (D)
  A vault guard (D)
  2 two-headed ogres (D)
  A catoblepas (D)
  3 death yaks (D)
  2 deep elf knights (D)
  3 shadow wraiths (D)
  A phantasmal warrior (D)
  7 orc knights (D)
  3 orc sorcerers (D)
  2 deep elf zephyrmancers (D)
  A merfolk siren (D)
  A wolf spider (D)
  An elephant (D)
  A salamander (D)
  A naga mage (D)
  A molten gargoyle (D)
  A smoke demon (D)
  A gargoyle (D)
  An unseen horror (D)
  A freezing wraith (D)
  3 yaktaurs (D)
  3 efreet (D)
  A guardian mummy (D)
  A hellwing (D)
  A jumping spider (D)
  A merfolk (D)
  A hornet (D)
  A tyrant leech (D)
  A snapping turtle (D)
  3 wraiths (D)
  2 wyverns (D)
  A spriggan (D)
  A basilisk (D)
  3 vampire mosquitoes (D)
  2 nagas (D)
  An acid dragon (D)
  3 orc warriors (D)
  A water moccasin (D)
  A sky beast (D)
  A black bear (D)
  3 ice beasts (D)
  4 ogres (D)
  2 centaurs (D)
  A gnoll sergeant (D)
  6 killer bees (D)
  A quasit (D)
  An orc priest (D)
  An orc wizard (D)
  A hell rat (D)
  5 gnolls (D)
  A river rat (D)
  An ufetubus (D)
  An adder simulacrum (D)
  4 orcs (D)
  A giant cockroach (D)
  A hobgoblin (D)
  2 jackals (D)
  A goblin (D)
115 creatures vanquished.

Vanquished Creatures (others)
  2 bone dragons (D)
  2 ghouls (D)
  A vampire knight (D)
  A spectral orc (D)
  3 skeletal warriors (D)
  2 phantasmal warriors (D)
  9 flying skulls (D)
  3 vampires (D)
  A basilisk (D)
  2 wraiths (D)
  2 wights (D)
  A mummy (D)
  A ball python skeleton (D)
  A quokka skeleton (D)
  A rat skeleton (D)
32 creatures vanquished.

Grand Total: 198 creatures vanquished

Notes
Turn   | Place    | Note
-------+----------+-------------------------------------------
     0 | D        | rocky1 the Hill Orc Fighter began the quest for the Orb.
     0 | D        | Reached XP level 1. HP: 19/19 MP: 1/1
    20 | D        | Found a bloodstained altar of Trog.
    20 | D        | Found a shimmering blue altar of Sif Muna.
    20 | D        | Found a viscous altar of Jiyva.
    20 | D        | Found a hazy altar of Hepliaklqana.
    20 | D        | Found an opulent altar of Gozag.
    21 | D        | Found a glowing golden altar of the Shining One.
    21 | D        | Found a glowing silver altar of Zin.
    21 | D        | Found a basalt altar of Yredelemnul.
    21 | D        | Found a shimmering altar of Xom.
    21 | D        | Found an ornate altar of the Wu Jian Council.
    21 | D        | Found a sacrificial altar of Ru.
    21 | D        | Found a stormy altar of Qazlal.
    21 | D        | Found an iron altar of Okawaru.
    21 | D        | Found a sparkling altar of Nemelex Xobeh.
    21 | D        | Found a burning altar of Makhleb.
    21 | D        | Found a blossoming altar of Fedhas.
    21 | D        | Found a white marble altar of Elyvilon.
    21 | D        | Found a shadowy altar of Dithmenos.
    21 | D        | Found a snail-covered altar of Cheibriados.
    24 | D        | Found a corrupted altar of Lugonu.
    24 | D        | Found a radiant altar of Vehumet.
    24 | D        | Found a roughly hewn altar of Beogh.
    25 | D        | Found an ancient bone altar of Kikubaaqudgha.
    25 | D        | Found a hide-covered altar of Uskayaw.
    25 | D        | Found a broken altar of Ashenzari.
    48 | D        | Became a worshipper of Yredelemnul the Dark
   108 | D        | HP: 1/20 [river rat (8)]
   110 | D        | Reached skill level 1 in Dodging
   110 | D        | Reached skill level 1 in Invocations
   110 | D        | Reached XP level 2. HP: 2/27 MP: 1/3
   113 | D        | Reached * piety under Yredelemnul
   456 | D        | Noticed a floating eye
   457 | D        | Reached ** piety under Yredelemnul
   459 | D        | Paralysed by a floating eye for 4 turns
   465 | D        | Killed a floating eye
   466 | D        | Reached skill level 5 in Fighting
   466 | D        | Reached skill level 5 in Axes
   466 | D        | Reached skill level 5 in Armour
   466 | D        | Reached skill level 5 in Shields
   466 | D        | Reached XP level 3. HP: 35/36 MP: 3/6
   466 | D        | Reached XP level 4. HP: 41/42 MP: 3/7
   777 | D        | Noticed a gnoll sergeant
   777 | D        | Noticed an orc warrior
   789 | D        | Reached *** piety under Yredelemnul
   790 | D        | Reached skill level 5 in Invocations
   790 | D        | Reached XP level 5. HP: 50/50 MP: 8/8
   797 | D        | Received a gift from Yredelemnul (a mummy)
   803 | D        | Killed an orc warrior
   804 | D        | Reached XP level 6. HP: 40/60 MP: 10/10
   809 | D        | Reached **** piety under Yredelemnul
   814 | D        | Noticed an ice beast
   825 | D        | Received a gift from Yredelemnul (a wight)
   833 | D        | Killed an ice beast
   833 | D        | Reached ***** piety under Yredelemnul
   834 | D        | Received a gift from Yredelemnul (a mummy)
   838 | D        | Received a gift from Yredelemnul (a wight)
   838 | D        | Received a gift from Yredelemnul (a wight)
   838 | D        | Reached XP level 7. HP: 30/67 MP: 12/12
  1070 | D        | Reached skill level 5 in Dodging
  1071 | D        | Noticed a wyvern
  1080 | D        | Killed a wyvern
  1081 | D        | Received a gift from Yredelemnul (3 flying skulls)
  1108 | D        | Noticed a vampire mosquito
  1108 | D        | Noticed a vampire mosquito
  1109 | D        | Received a gift from Yredelemnul (a wraith)
  1119 | D        | Killed a vampire mosquito
  1120 | D        | Received a gift from Yredelemnul (3 flying skulls)
  1120 | D        | Reached XP level 8. HP: 38/78 MP: 14/14
  1120 | D        | Reached ****** piety under Yredelemnul
  1126 | D        | Received a gift from Yredelemnul (a vampire)
  1143 | D        | Received a gift from Yredelemnul (3 flying skulls)
  1482 | D        | Noticed a merfolk
  1490 | D        | Killed a merfolk
  1491 | D        | Reached skill level 10 in Axes
  1496 | D        | Received a gift from Yredelemnul (a wraith)
  1511 | D        | Received a gift from Yredelemnul (a skeletal warrior)
  1514 | D        | Reached skill level 10 in Invocations
  1529 | D        | Received a gift from Yredelemnul (a vampire)
  1530 | D        | Reached skill level 10 in Fighting
  1537 | D        | Noticed a deep troll
  1542 | D        | Received a gift from Yredelemnul (a wraith)
  1546 | D        | Killed a deep troll
  1546 | D        | Received a gift from Yredelemnul (a vampire knight)
  1547 | D        | Reached XP level 9. HP: 51/86 MP: 15/17
  1703 | D        | Received a gift from Yredelemnul (a skeletal warrior)
  1706 | D        | Reached skill level 10 in Armour
  1708 | D        | Received a gift from Yredelemnul (a ghoul)
  1721 | D        | Noticed a black mamba
  1721 | D        | Noticed a molten gargoyle
  1726 | D        | Killed a black mamba
  1727 | D        | Reached skill level 10 in Shields
  1728 | D        | Killed a molten gargoyle
  1729 | D        | Received a gift from Yredelemnul (a ghoul)
  1729 | D        | Received a gift from Yredelemnul (a flayed ghost)
  1732 | D        | Killed an orc sorcerer
  1914 | D        | Noticed a jumping spider
  1918 | D        | Killed a jumping spider
  1919 | D        | Received a gift from Yredelemnul (a bone dragon)
  1920 | D        | Noticed a naga warrior
  1929 | D        | Killed a salamander
  1935 | D        | Killed a naga warrior
  1936 | D        | Received a gift from Yredelemnul (a profane servitor)
  1936 | D        | Reached XP level 10. HP: 96/96 MP: 17/19
  1946 | D        | Received a gift from Yredelemnul (a ghoul)
  1946 | D        | Noticed a naga mage
  1947 | D        | Killed a naga mage
  1948 | D        | Noticed an elephant
  1950 | D        | Killed an elephant
  2022 | D        | Noticed a merfolk siren
  2022 | D        | Noticed a death yak
  2030 | D        | Killed a merfolk siren
  2035 | D        | Killed a death yak
  2036 | D        | Received a gift from Yredelemnul (a skeletal warrior)
  2060 | D        | Noticed an orc knight
  2066 | D        | Received a gift from Yredelemnul (a bone dragon)
  2066 | D        | Received a gift from Yredelemnul (a flayed ghost)
  2067 | D        | Noticed a phantasmal warrior
  2076 | D        | Killed a phantasmal warrior
  2079 | D        | Received a gift from Yredelemnul (a flayed ghost)
  2083 | D        | Received a gift from Yredelemnul (a vampire)
  2084 | D        | Killed an orc knight
  2090 | D        | Received a gift from Yredelemnul (a skeletal warrior)
  2091 | D        | Reached XP level 11. HP: 69/106 MP: 21/21
  2177 | D        | Got the Reference Book on Fire and Venom
  2182 | D        | Got the Compendium of the Unstable Voyage
  2268 | D        | Killed a shadow wraith
  2277 | D        | Received a gift from Yredelemnul (a phantasmal warrior)
  2277 | D        | Received a gift from Yredelemnul (a skeletal warrior)
  2277 | D        | Noticed Josephine
  2278 | D        | Killed Josephine
  2279 | D        | Noticed a deep elf zephyrmancer
  2289 | D        | Killed a deep elf zephyrmancer
  2306 | D        | Noticed a vampire knight
  2312 | D        | Killed a shadow wraith
  2315 | D        | Killed a vampire knight
  2343 | D        | Received a gift from Yredelemnul (a skeletal warrior)
  2569 | D        | Noticed a wolf spider
  2573 | D        | Received a gift from Yredelemnul (a flayed ghost)
  2573 | D        | Killed a wolf spider
  2639 | D        | Noticed a death yak
  2639 | D        | Noticed a death yak
  2639 | D        | Noticed a death yak
  2639 | D        | Noticed Snorg
  2639 | D        | Noticed a vault guard
  2639 | D        | Noticed a deep elf knight
  2639 | D        | Noticed a deep elf knight
  2639 | D        | Noticed a deep elf zephyrmancer
  2642 | D        | Killed a death yak
  2642 | D        | Received a gift from Yredelemnul (a vampire)
  2653 | D        | Killed a vault guard
  2654 | D        | Reached skill level 15 in Axes
  2654 | D        | Reached skill level 10 in Dodging
  2655 | D        | Killed a deep elf knight
  2659 | D        | Killed Snorg
  2659 | D        | Killed a death yak
  2660 | D        | Received a gift from Yredelemnul (a vampire)
  2660 | D        | Killed a deep elf zephyrmancer
  2661 | D        | Reached skill level 15 in Invocations
  2661 | D        | Killed a death yak
  2663 | D        | Killed a deep elf knight
  2664 | D        | Received a gift from Yredelemnul (a ghoul)
  2664 | D        | Reached XP level 12. HP: 13/118 MP: 23/23
  3060 | D        | Noticed a great orb of eyes
  3062 | D        | Killed a great orb of eyes
  3063 | D        | Noticed a nagaraja
  3066 | D        | Killed a nagaraja
  3094 | D        | Killed a catoblepas
  3099 | D        | Reached skill level 15 in Fighting
  3106 | D        | Identified the +10 hand crossbow "Nuvvus" {elec, Drain rF+
                  | Int+3}
  3106 | D        | Noticed Donald
  3116 | D        | Killed Donald
  3119 | D        | Noticed a mummy priest
  3119 | D        | Noticed an eidolon
  3126 | D        | Killed an eidolon
  3127 | D        | Killed a mummy priest
  3128 | D        | Received a gift from Yredelemnul (a skeletal warrior)
  3129 | D        | Noticed Arachne
  3145 | D        | Noticed a deep elf master archer
  3147 | D        | Killed Arachne
  3148 | D        | Received a gift from Yredelemnul (a vampire knight)
  3150 | D        | Killed a deep elf master archer
  3151 | D        | Received a gift from Yredelemnul (a vampire)
  3466 | D        | Found the amulet of Vitality {Regen+ HP+15}
  3609 | D        | Noticed an orc warlord
  3610 | D        | Noticed an orc warlord
  3618 | D        | Received a gift from Yredelemnul (a flayed ghost)
  3620 | D        | Killed an orc warlord
  3620 | D        | Enslaved an orc warlord
  3621 | D        | Received a gift from Yredelemnul (a vampire)
  3621 | D        | Killed an orc warlord
  3621 | D        | Enslaved an orc warlord
  3622 | D        | Received a gift from Yredelemnul (a bone dragon)
  3625 | D        | Received a gift from Yredelemnul (a phantasmal warrior)
  3625 | D        | Received a gift from Yredelemnul (a skeletal warrior)
  3625 | D        | Received a gift from Yredelemnul (a vampire)
  3625 | D        | Noticed a naga warrior
  3633 | D        | Noticed a two-headed ogre
  3633 | D        | Killed a naga warrior
  3634 | D        | Received a gift from Yredelemnul (a profane servitor)
  3634 | D        | Reached skill level 15 in Armour
  3634 | D        | Reached XP level 13. HP: 59/128 MP: 10/25
  3635 | D        | Reached skill level 15 in Shields
  3637 | D        | Noticed a yaktaur captain
  3640 | D        | Received a gift from Yredelemnul (a skeletal warrior)
  3644 | D        | Noticed a vault guard
  3649 | D        | Killed a yaktaur captain
  3650 | D        | Received a gift from Yredelemnul (a phantasmal warrior)
  3654 | D        | Killed a vault guard
  3657 | D        | Noticed a yaktaur captain
  3659 | D        | Shot with a bolt by a yaktaur captain

Illustrated notes

Levels and vault maps discovered:
D:        pitsprint [storerooms_1, entrance_room_1, metal_vault_8, armoury_2,
          mini_pit_1, grid_room_1, main_hall_1, silver_pit, the_coven_3,
          the_vestibule_1, steel_vault_4, golden_pit, hallway_of_sentries,
          crystal_vault_2, iron_vault_1, final_vault]

Skill      XL: |  1  2  3  4  5  6  7  8  9 10 11 12 13 |
---------------+----------------------------------------+-----
Axes           | 3 5 7 8 9 11 12 13 15 17 | 17.5
Fighting       | 4 5 7 9 10 11 12 14 16 | 16.3
Dodging        | 1 2 3 4 5 6 7 9 10 11 | 11.9
Invocations    | 1 4 5 6 7 9 10 12 13 15 17 | 17.3
Armour         | 5 6 7 8 9 10 12 13 15 | 15.2
Shields        | 5 6 7 8 9 10 11 13 14 15 | 15.2

Action                   |  1- 3 |  4- 6 |  7- 9 | 10-12 | 13-15 || total
-------------------------+-------+-------+-------+-------+-------++-------
Melee: Hand axe          |    27 |    30 |    41 |       |       ||    98
       War axe           |     3 |       |       |       |       ||     3
       Broad axe         |       |       |    26 |    81 |     3 ||   110
Invok: Animate Remains   |     1 |     2 |       |       |       ||     3
       Recall Undead Sla |       |       |     1 |     5 |       ||     6
       Animate Dead      |       |       |       |     5 |       ||     5
       Enslave Soul      |       |       |       |     2 |       ||     2
  Use: Potion            |     1 |     3 |       |     2 |       ||     6
 Stab: Distracted        |       |       |       |     3 |       ||     3
Armor: Scale mail        |     4 |       |       |       |       ||     4
       Chain mail        |       |    22 |    48 |    29 |       ||    99
Dodge: Dodged            |    11 |    10 |    39 |    27 |     1 ||    88
Block: Kite shield       |     9 |    12 |    42 |    57 |     4 ||   124

Table legend: (Time is in decaauts)
 A = Elapsed time spent in this place.
 B = Non-inter-level travel time spent in this place.
 C = Inter-level travel time spent in this place.
 D = Time resting spent in this place.
 E = Time spent auto-exploring this place.
 F = Levels seen in this place.
 G = Mean time per level.
                   A        B        C        D        E       F      G
               +--------+--------+--------+--------+--------+-----+--------+
         Total |   3685 |   3638 |     47 |   2201 |      0 |   1 | 3685.0 |
       Dungeon |   3685 |   3638 |     47 |   2201 |      0 |   1 | 3685.0 |
               +--------+--------+--------+--------+--------+-----+--------+

Top non-repeatable levels by time:
       D: 3685 daAuts
